 Dungeon Crawl Stone Soup version 0.26.0-16-gc1dbca0489 (webtiles) character file.

Game seed: 13642822583869190414

647 thiole the Covert (level 7, -10/46 HPs)
             Began as an Octopode Brigand on Jan 20, 2021.
             Was an Initiate of Gozag.
             Mangled by an ogre
             ... wielding a +0 giant spiked club
              (16 damage)
             ... on level 5 of the Dungeon.
             The game lasted 00:10:58 (5458 turns).

thiole the Covert (Octopode Brigand)                Turns: 5458, Time: 00:10:59

Health: -10/46     AC: -7    Str: 10    XL:     7   Next: 52%
Magic:  0/9        EV: 14    Int: 16    God:    Gozag
Gold:   341        SH:  0    Dex: 13    Spells: 9/9 levels left

rFire    . . .     SeeInvis .   a - +2 dagger
rCold    + . .     Faith    .   (no shield)
rNeg     . . .     Spirit   +   (helmet restricted)
rPois    .         Reflect  .   l - amulet of guardian spirit
rElec    .         Harm     .   n - ring of protection from cold
rCorr    .         Rampage  .   (no ring)
Will     .....                  (no ring)
Stlth    +++++.....             (no ring)
HPRegen  0.15/turn              (no ring)
MPRegen  0.11/turn              (no ring)
                                (no ring)
                                (no ring)

@: lethally poisoned (-10 -> -11), corroded
A: almost no armour, stealthy swim, amphibious, 8 rings, constrict 8, camouflage
1, gelatinous body 1
a: Renounce Religion, Potion Petition, Call Merchant, Bribe Branch


You were on level 5 of the Dungeon.
You worshipped Gozag.
Gozag was aware of your devotion.
You visited 2 branches of the dungeon, and saw 6 of its levels.

You collected 382 gold pieces.
You paid 41 gold pieces to Gozag.

Inventory:

Hand Weapons
 a - a +2 dagger (weapon)
 u - a +4 halberd of freezing
Jewellery
 j - an uncursed amulet of reflection
 l - an amulet of guardian spirit (around mantle)
 n - a ring of protection from cold (left tentacle)
Wands
 v - a wand of flame (42)
Scrolls
 b - 3 scrolls of magic mapping {unknown}
 c - 2 scrolls of remove curse {unknown}
 d - a scroll of fog {unknown}
 e - 5 scrolls of teleportation {unknown}
 g - a scroll of fear {unknown}
 k - a scroll of amnesia {unknown}
 m - a scroll of enchant armour {unknown}
 o - 5 scrolls of identify
 p - 3 scrolls of blinking {unknown}
 s - 2 scrolls of immolation {unknown}
Potions
 f - a potion of ambrosia {unknown}
 h - a potion of curing {unknown}
 i - 4 potions of might {unknown}
 q - 2 potions of lignification {unknown}
 r - a potion of degeneration {unknown}
 t - a potion of attraction {unknown}
 w - a potion of resistance {unknown}
 x - a potion of haste {unknown}
 z - a potion of flight {unknown}


   Skills:
 - Level 3.3 Fighting
 - Level 3.8 Short Blades
 - Level 2.0 Throwing
 + Level 3.5 Dodging
 * Level 9.0 Stealth
 + Level 1.7 Spellcasting


You had 9 spell levels left.
You didn't know any spells.
Your spell library was empty.

Dungeon Overview and Level Annotations

Branches:
Dungeon (5/15)             Temple (1/1) D:4

Altars:
Ashenzari
Dithmenos
Elyvilon
Fedhas
Gozag
Hepliaklqana
Makhleb
Nemelex Xobeh
Qazlal
Ru
Trog
Uskayaw
Vehumet
Xom
Yredelemnul
Zin
The Shining One


Innate Abilities, Weirdness & Mutations

You cannot wear most types of armour.
You are very stealthy in the water. (Stealth+)
You are amphibious.
You can wear up to eight rings at the same time.
You can use your tentacles to constrict eight enemies at once.
Your skin changes colour to match your surroundings (Stealth+).
Your rubbery body absorbs attacks. (AC +1, EV +1)


Message History

Aiming: Throw Flame
Press: ? - help, Shift-Dir - straight line, f/p - ogre
Aim: an ogre, wielding a +0 giant spiked club (heavily wounded, 15% to evade)
The puff of flame hits the ogre.
The ogre is severely wounded.
The ogre barely misses you.
Aiming: Throw Flame
Press: ? - help, Shift-Dir - straight line, f/p - ogre
Aim: an ogre, wielding a +0 giant spiked club (severely wounded, 15% to evade)
The puff of flame hits the ogre.
The ogre is almost dead.
The jackal barks!
You feel sick.
Aiming: Throw Flame
Press: ? - help, Shift-Dir - straight line, f/p - ogre
Aim: an ogre, wielding a +0 giant spiked club (almost dead, 15% to evade)
The puff of flame misses the ogre.
The ogre hits you with a +0 giant spiked club!!
You die...
Your body crumbles into a pile of gold.

#.# .........#..# #.#
######...........# #.#
##.......####.##.## #.#
#..8...8h.#......#
#.###.........#.#.####
#.##............#.#####
#....8...8...8......O..
#..(...O..........#####
#.....@$.$........#####
##.8...8...8...8..##..)
#..........$.....##O##
##....................
#..8...8...8..####.##
##...........# #..#
##.........## ##.#
#..8...8..# #.#
##....... ###.#


You could see an ogre and a jackal.

Vanquished Creatures
  A centaur (D:5)
  3 wights (D:4)
  A jelly (D:5)
  3 orc wizards
  An iguana (D:5)
  3 worker ants (D:4)
  A hound skeleton (D:4)
  3 gnolls (D:2)
  8 adders
  A shadow imp (D:5)
  A white imp (D:5)
  An adder skeleton (D:4)
  5 worms
  2 dart slugs
  5 leopard geckos
  8 orcs
  3 bats
  4 giant cockroaches
  2 goblins (D:3)
  8 hobgoblins
  4 jackals
  3 quokkas
  4 ball pythons
  2 frilled lizards
  12 kobolds
  A quokka skeleton (D:5)
  11 rats
101 creatures vanquished.

Vanquished Creatures (others)
  A plant (D:4)
1 creature vanquished.

Grand Total: 102 creatures vanquished

Notes
Turn   | Place    | Note
-------+----------+-------------------------------------------
     0 | D:1      | thiole the Octopode Brigand began the quest for the Orb.
     0 | D:1      | Reached XP level 1. HP: 14/14 MP: 1/1
   127 | D:1      | Reached XP level 2. HP: 16/19 MP: 2/2
   745 | D:2      | Reached XP level 3. HP: 24/24 MP: 3/3
   811 | D:2      | Found a white marble altar of Elyvilon.
   825 | D:2      | Reached skill level 6 in Stealth
   832 | D:2      | Became a worshipper of Elyvilon the Healer
   925 | D:2      | Reached XP level 4. HP: 17/30 MP: 4/4
  1156 | D:2      | Found a shimmering altar of Xom.
  1841 | D:2      | Reached * piety under Elyvilon
  2392 | D:3      | Reached XP level 5. HP: 36/36 MP: 5/5
  2486 | D:4      | Reached ** piety under Elyvilon
  2796 | D:4      | Reached skill level 7 in Stealth
  3332 | D:4      | Reached XP level 6. HP: 26/42 MP: 3/6
  3627 | D:4      | Found a staircase to the Ecumenical Temple.
  3633 | Temple   | Entered the Ecumenical Temple
  3715 | Temple   | Fell from the grace of Elyvilon
  3715 | Temple   | Became a worshipper of Gozag Ym Sagoz the Greedy
  4438 | D:5      | Entered Level 5 of the Dungeon
  4440 | D:5      | Reached skill level 8 in Stealth
  4619 | D:5      | Reached XP level 7. HP: 40/46 MP: 4/8
  4625 | D:5      | Reached skill level 1 in Spellcasting
  4971 | D:5      | Found a shadowy altar of Dithmenos.
  5087 | D:5      | Found a sparkling altar of Nemelex Xobeh.
  5443 | D:5      | Reached skill level 9 in Stealth
  5458 | D:5      | Mangled by an ogre

Illustrated notes

Levels and vault maps discovered:
D:1:      dpeg_arrival_simpleton_c, layout_loops_cross
D:2:      layout_basic, elyvilon_altar_3, nicolae_overflow_crystal_walls
D:3:      layout_loops_cross
D:4:      layout_cave_pods, minmay_temple_entry_fiery, saegor_snake_ambush
D:5:      layout_loops_cross, nemelex_xobeh_ov_fountains_minmay,
          lemuel_round_altar, kennysheep_doodads
Temple:   regret_index_temple_generic_petals

Skill      XL: |  1  2  3  4  5  6  7 |
---------------+----------------------+-----
Stealth        | 6 7 8 9 |  9.0
Dodging        | 2 3 |  3.5
Short Blades   | 3 |  3.8
Fighting       | 3 |  3.3
Spellcasting   | 1 |  1.7
Throwing       | |  2.0

Action                   |  1- 3 |  4- 6 |  7- 9 || total
-------------------------+-------+-------+-------++-------
Melee: Dagger            |    37 |   138 |    55 ||   230
       Constrict         |    10 |    29 |     9 ||    48
       Tentacles         |     4 |    30 |     8 ||    42
Throw: Dart              |    63 |    27 |       ||    90
Evoke: Wand              |       |       |     5 ||     5
  Use: Scroll            |       |     3 |       ||     3
 Stab: Sleeping          |     1 |    19 |     1 ||    21
       Distracted        |       |       |     1 ||     1
Armor: Skin              |     2 |     4 |       ||     6
Dodge: Dodged            |    14 |    58 |    30 ||   102
